 Dungeon Sprint DCSS version 0.26-b1-32-g5d43845318 (webtiles) character file.

Game seed: 13673433488751207072

22533 theswoord the Sharpshooter (level 13, -8/116 HPs)
             Began as a Formicid Hunter on Jan 11, 2021.
             Was a High Priest of Okawaru.
             Killed from afar by a hellion (17 damage)
             ... with damnation
             ... in the Dungeon (Sprint V: "Ziggurat Sprint").
             The game lasted 00:15:58 (2747 turns).

theswoord the Sharpshooter (Formicid Hunter)        Turns: 2747, Time: 00:15:58

Health: -8/116     AC: 35    Str: 21    XL:     13   Next: 28%
Magic:  17/23      EV: 13    Int: 13    God:    Okawaru [*****.]
Gold:   0          SH: 20    Dex: 22    Spells: 12/12 levels left

rFire    . . .     SeeInvis +   B - +9 heavy crossbow "Sniper" {vorpal, Acc+∞ SInv}
rCold    . . .     Faith    .   x - +3 kite shield
rNeg     + . .     Spirit   .   v - +5 crystal plate armour
rPois    .         Reflect  .   (helmet unavailable)
rElec    .         Harm     .   (no cloak)
rCorr    .         Rampage  .   (no gloves)
Will     +....                  (no boots)
Stlth    ..........             N - macabre finger necklace {rN+}
HPRegen  0.29/turn              M - ring of the Invisible Hand {EV+4 Dex+3}
MPRegen  0.18/turn              o - ring of Caamnyp {AC+4 Int+3 SInv}
                                z - +6 ring of dexterity

@: heroism, finesse, studying Staves
A: permanent stasis, dig shafts and tunnels, four strong arms, antennae 3
a: Dig, Renounce Religion, Heroism, Finesse


You were in the Dungeon.
You worshipped Okawaru.
Okawaru was extremely pleased with you.
You visited 1 branch

Inventory:

Hand Weapons
 a - a +1 hand crossbow
 b - a +0 short sword
 i - the +5 hand crossbow of Popular Demand {vorpal, rF+}
   (Okawaru gifted it to you in the Dungeon)

   Any bolt fired from it inflicts extra damage.
   It protects you from fire.
 B - the +9 heavy crossbow "Sniper" (weapon) {vorpal, Acc+∞ SInv}
   (You found it in the Dungeon)

   Any bolt fired from it inflicts extra damage.
   It lets you see invisible.
 C - a +5 arbalest of venom
 D - a +5 hand crossbow
 E - a +5 triple crossbow of venom
Missiles
 d - 1137 bolts (quivered ammo)
Armour
 c - a +0 leather armour
 v - a +5 crystal plate armour (worn)
 w - a +3 buckler
 x - a +3 kite shield (worn)
 y - a +3 tower shield
 J - the +1 pair of boots of the Desolation of Salt {rC++}
   (You found it in the Dungeon)

   It greatly protects you from cold.
Jewellery
 k - an uncursed amulet of the acrobat
 o - the ring of Caamnyp (right hand) {AC+4 Int+3 SInv}
   (You found it in the Dungeon)

   [ring of protection]

   It affects your AC (+4).
   It affects your intelligence (+3).
   It lets you see invisible.
 z - a +6 ring of dexterity (on amulet)
 A - a +6 ring of dexterity
 M - the ring of the Invisible Hand (left hand) {EV+4 Dex+3}
   (You found it in the Dungeon)

   [ring of evasion]

   It affects your evasion (+4).
   It affects your dexterity (+3).
 N - the macabre finger necklace (around neck) {rN+}
   (You found it in the Dungeon)

   [amulet of nothing]

   It protects you from negative energy.
Wands
 s - a wand of disintegration (7)
 t - a wand of iceblast (7)
 u - a wand of acid (7)
Scrolls
 m - 4 scrolls of amnesia
 n - 7 scrolls of fog
 p - 5 scrolls of identify
 q - 5 scrolls of remove curse
 r - 2 scrolls of fear
Potions
 e - 2 potions of curing
 f - 2 potions of heal wounds
 g - 7 potions of magic
 h - 2 potions of brilliance
 j - 4 potions of resistance
 l - 5 potions of might
Books
 G - a manual of Staves
Miscellaneous
 F - a tin of tremorstones (2/2)
 H - a tin of tremorstones (2/2)
 I - a condenser vane
 K - a lightning rod (4/4)
 L - a condenser vane


   Skills:
 + Level 15.6(20.6) Fighting
 * Level 17.9(22.9) Crossbows
 + Level 15.0(20.0) Armour
 - Level 1.7(6.7) Dodging
 - Level 1.2(6.2) Stealth
 + Level 16.7(21.7) Shields
 + Level 13.6 Invocations
 - Level 4.2 Evocations


You had 12 spell levels left.
You didn't know any spells.
Your spell library was empty.

Dungeon Overview and Level Annotations

Branches:
Dungeon (1/1)

Altars:
Ashenzari
Cheibriados
Dithmenos
Elyvilon
Fedhas
Gozag
Hepliaklqana
Kikubaaqudgha
Makhleb
Nemelex Xobeh
Okawaru
Qazlal
Ru
Sif Muna
Trog
Uskayaw
Vehumet
Wu Jian
Xom
Yredelemnul
Zin
The Shining One
Beogh
Jiyva
Lugonu


Innate Abilities, Weirdness & Mutations

You cannot be hasted, slowed, berserked, paralysed or teleported.
You can dig through walls and to a lower floor.
Your four strong arms can wield two-handed weapons with a shield.
You have a pair of large antennae on your head. (SInv)


Message History

Unknown command.
You feel much better. The hellion gestures at you.
The sphere of damnation explodes!
The damnation engulfs you!!
* * * LOW HITPOINT WARNING * * *
The damnation engulfs the jackal skeleton!!
The jackal skeleton is destroyed!
The damnation engulfs the hell hound!!
The damnation engulfs the necrophage!!
The necrophage is destroyed!
You block the hell hound's attack.
You feel much better. You block the hell hound's attack.
The hellion gestures at you.
The sphere of damnation explodes!
The damnation engulfs you!!
* * * LOW HITPOINT WARNING * * *
The damnation engulfs the wight!
The damnation engulfs the hell hound!!
The hell hound dies!
The damnation engulfs the hellion.
The hellion completely resists.
The hellion gestures at you.
The sphere of damnation explodes!
The damnation engulfs you!
You die...

▓..)})):))
▓...=)}=}[)...▓..))["}=)
▓.....2.......▓.........
▓.............▓.........
▓.....Z.......▓.........
▓.......Z.....▓.....)...
▓....Z.424....▓..▓..)..▓
..▓..z(2..▓..▓.▓.▓[))▓.
▓ ▓.▓..@..▓.▓ ▓..▓...).▓
▓..▓.......▓..▓.....©...
▓.............▓▓▓▓▓▓▓▓▓▓
▓......©......▓....8©8..
▓▓▓▓▓▓▓▓▓▓▓▓▓▓▓..|)):).)
▓...):.[)}


{{{{{{{{{ ▓......... {{{{{{{{{ ▓......... ▓......... You could see 3 hellions, 2
red devils, a wight, 2 adder zombies and a quokka zombie.

Vanquished Creatures
  A reaper (D)
  A vampire knight (D)
  A death ooze (D)
  2 great orbs of eyes (D)
  An ice dragon (D)
  A centaur warrior (D)
  2 dancing weapons (D)
  A deep elf knight (D)
  A vampire mage (D)
  2 skeletal warriors (D)
  3 death drakes (D)
  A swamp dragon (D)
  6 necromancers (D)
  6 deep elf magi (D)
  A cyclops (D)
  A black mamba (D)
  A yaktaur (D)
  A komodo dragon (D)
  An ice devil (D)
  A guardian mummy (D)
  4 merfolk (D)
  An air elemental (D)
  8 slime creatures (D)
  2 flying skulls (D)
  5 shadows (D)
  2 yaks (D)
  2 wyverns (D)
  2 golden eyes (D)
  2 steam dragons (D)
  A naga (D)
  2 water moccasins (D)
  A swamp drake (D)
  A floating eye (D)
  2 ice beasts (D)
  2 necrophages (D)
  A bullfrog (D)
  3 wights (D)
  A crimson imp (D)
  3 jellies (D)
  2 iron imps (D)
  A mummy (D)
  2 adders (D)
  2 shadow imps (D)
  A white imp (D)
  An ufetubus (D)
  2 oozes (D)
  2 adder skeletons (D)
  An adder zombie (D)
  2 bat skeletons (D)
  2 bat zombies (D)
  A jackal (D)
  2 ball pythons (D)
  2 ball python zombies (D)
  3 giant cockroach zombies (D)
  3 jackal skeletons (D)
  2 quokka skeletons (D)
111 creatures vanquished.

Vanquished Creatures (others)
  A dancing weapon (D)
  A merfolk (D)
  A hell hound (D)
  A necrophage (D)
  A boggart (D)
  A bat skeleton (D)
  A jackal skeleton (D)
7 creatures vanquished.

Grand Total: 118 creatures vanquished

Notes
Turn   | Place    | Note
-------+----------+-------------------------------------------
     0 | D        | theswoord the Formicid Hunter began the quest for the Orb.
     0 | D        | Reached XP level 1. HP: 16/16 MP: 1/1
     0 | D        | Found a shimmering blue altar of Sif Muna.
     0 | D        | Found a sacrificial altar of Ru.
     0 | D        | Found a bloodstained altar of Trog.
     0 | D        | Found a stormy altar of Qazlal.
     0 | D        | Found an iron altar of Okawaru.
     0 | D        | Found a sparkling altar of Nemelex Xobeh.
     0 | D        | Found a blossoming altar of Fedhas.
     1 | D        | Found the +6 Majin-Bo {vamp, MP+6 Int+6}
     1 | D        | Found the +9 heavy crossbow "Sniper" {vorpal, Acc+∞ SInv}
     1 | D        | Found the +10 dark maul {vorpal}
     1 | D        | Found the +15 Maxwell's patent armour {-Cast -Tele rElec
                  | Will+ rCorr}
     1 | D        | Found the +18 shield of the Gong {rElec rN+ Will+ EV-5}
     1 | D        | Found the cursed +14 obsidian axe {vorpal, +Fly SInv
                  | *Curse}
     1 | D        | Found the +7 great mace "Firestarter" {inner flame, rF++}
     1 | D        | Found the +6 shillelagh "Devastator" {shatter}
     1 | D        | Found the +11 plutonium sword {*Contam Stlth-}
     1 | D        | Found the +8 lance "Wyrmbane" {slay drac, rPois rF+ rC+
                  | AC+3}
     1 | D        | Found the +9 sword of Zonguldrok {reap}
     1 | D        | Found the cursed +13 scythe of Curses {drain, *Curse}
     1 | D        | Found the +5 sword of Power {vorpal}
     1 | D        | Found the +7 mace of Variability {chain chaos}
     1 | D        | Found the +7 Singing Sword {vorpal, sonic wave}
     1 | D        | Found the +8 storm bow {elec, penet}
     2 | D        | Found a transporter.
     2 | D        | Found an ancient bone altar of Kikubaaqudgha.
     2 | D        | Found a viscous altar of Jiyva.
     2 | D        | Found a corrupted altar of Lugonu.
     2 | D        | Found a hazy altar of Hepliaklqana.
     2 | D        | Found a burning altar of Makhleb.
     2 | D        | Found an opulent altar of Gozag.
    70 | D        | Became a worshipper of Warmaster Okawaru
   119 | D        | Reached skill level 5 in Fighting
   119 | D        | Reached skill level 5 in Crossbows
   119 | D        | Reached XP level 2. HP: 27/27 MP: 2/2
   120 | D        | Entered arena 2.
   120 | D        | Found a transporter.
   122 | D        | Reached skill level 6 in Crossbows
   122 | D        | Reached skill level 5 in Shields
   124 | D        | Reached skill level 1 in Armour
   124 | D        | Reached XP level 3. HP: 33/33 MP: 3/3
   137 | D        | Entered arena 3.
   137 | D        | Noticed a deep elf mage
   137 | D        | Noticed a deep elf mage
   137 | D        | Noticed a deep elf mage
   137 | D        | Found a transporter.
   144 | D        | Killed a deep elf mage
   144 | D        | Reached * piety under Okawaru
   144 | D        | Reached ** piety under Okawaru
   144 | D        | Reached *** piety under Okawaru
   145 | D        | Reached skill level 8 in Crossbows
   145 | D        | Reached XP level 4. HP: 21/45 MP: 4/4
   145 | D        | Reached XP level 5. HP: 24/51 MP: 5/5
   145 | D        | Reached XP level 6. HP: 27/57 MP: 6/6
   145 | D        | Reached XP level 7. HP: 30/63 MP: 7/7
   148 | D        | Killed a deep elf mage
   148 | D        | Reached **** piety under Okawaru
   149 | D        | Reached skill level 9 in Crossbows
   149 | D        | Reached skill level 10 in Shields
   149 | D        | Reached XP level 8. HP: 53/72 MP: 8/8
   157 | D        | Killed a deep elf mage
   158 | D        | Reached skill level 10 in Fighting
   158 | D        | Reached skill level 10 in Crossbows
   266 | D        | Entered arena 4.
   266 | D        | Noticed a guardian mummy
   266 | D        | Noticed a flying skull
   266 | D        | Found a transporter.
   270 | D        | Killed a flying skull
   270 | D        | Reached ***** piety under Okawaru
   272 | D        | Killed a guardian mummy
   273 | D        | Reached XP level 9. HP: 69/81 MP: 8/11
   330 | D        | Got the ring of Caamnyp {AC+4 Int+3 SInv}
   335 | D        | Entered arena 5.
   335 | D        | Noticed a yaktaur
   335 | D        | Noticed a centaur warrior
   335 | D        | Noticed a great orb of eyes
   335 | D        | Found a transporter.
   345 | D        | Killed a great orb of eyes
   345 | D        | Received a gift from Okawaru
   346 | D        | Reached skill level 11 in Crossbows
   346 | D        | Reached skill level 10 in Armour
   351 | D        | Killed a centaur warrior
   351 | D        | Received a gift from Okawaru
   352 | D        | Reached skill level 5 in Invocations
   357 | D        | Killed a yaktaur
   357 | D        | Received a gift from Okawaru
   358 | D        | Reached skill level 12 in Crossbows
   358 | D        | Reached XP level 10. HP: 43/89 MP: 8/14
   617 | D        | Entered arena 6.
   617 | D        | Found a transporter.
   643 | D        | Entered arena 7.
   643 | D        | Noticed a komodo dragon
   651 | D        | Reached skill level 1 in Evocations
   658 | D        | Killed a komodo dragon
   700 | D        | Found a transporter.
   731 | D        | Entered arena 8.
   731 | D        | Noticed a cyclops
   753 | D        | Killed a cyclops
   754 | D        | Received a gift from Okawaru
   755 | D        | Reached skill level 13 in Crossbows
   916 | D        | Found a transporter.
   959 | D        | Entered arena 9.
   959 | D        | Noticed a black mamba
   963 | D        | Killed a black mamba
   963 | D        | Received a gift from Okawaru
   975 | D        | Got an encrusted hand crossbow {god gift}
   976 | D        | Identified the +5 hand crossbow of Popular Demand {vorpal,
                  | rF+} (Okawaru gifted it to you in the Dungeon)
  1049 | D        | Found a transporter.
  1061 | D        | Entered arena 10.
  1061 | D        | Noticed a +2 short sword of venom
  1061 | D        | Noticed a deep elf mage
  1061 | D        | Noticed a deep elf mage
  1061 | D        | Noticed a deep elf knight
  1061 | D        | Noticed a +1 battleaxe of draining
  1061 | D        | Noticed a +0 short sword of venom
  1061 | D        | Noticed a deep elf mage
  1062 | D        | Identified the +3 war axe "Soykuw" {drain, Str+2}
  1062 | D        | Identified the cursed +1 glaive of Brutal Revenge {vorpal,
                  | MP+9 Int+4 Dex+2 Stlth-}
  1063 | D        | Killed a +0 short sword of venom
  1064 | D        | Reached XP level 11. HP: 96/96 MP: 17/17
  1065 | D        | Killed a +2 short sword of venom
  1065 | D        | Killed a deep elf mage
  1070 | D        | Killed a +1 battleaxe of draining
  1071 | D        | Reached skill level 14 in Crossbows
  1072 | D        | Killed a deep elf knight
  1072 | D        | Received a gift from Okawaru
  1072 | D        | Reached ****** piety under Okawaru
  1073 | D        | Received a gift from Okawaru
  1081 | D        | Killed a deep elf mage
  1084 | D        | Killed a deep elf mage
  1338 | D        | Found a transporter.
  1382 | D        | Entered arena 11.
  1391 | D        | Reached skill level 10 in Invocations
  1567 | D        | Found a transporter.
  1576 | D        | Got the +1 pair of boots of the Desolation of Salt {rC++}
  1587 | D        | Entered arena 12.
  1587 | D        | Noticed a swamp dragon
  1587 | D        | Noticed a death drake
  1587 | D        | Noticed a death drake
  1587 | D        | Noticed an ice dragon
  1588 | D        | Noticed a death drake
  1593 | D        | Received a gift from Okawaru
  1599 | D        | Killed a death drake
  1599 | D        | Received a gift from Okawaru
  1600 | D        | Reached skill level 15 in Crossbows
  1601 | D        | Killed a swamp dragon
  1601 | D        | Received a gift from Okawaru
  1609 | D        | HP: 4/99 [ice dragon/blast of cold (42)]
  1615 | D        | Killed a death drake
  1619 | D        | Killed a death drake
  1620 | D        | Reached XP level 12. HP: 32/107 MP: 14/20
  1622 | D        | Killed an ice dragon
  1623 | D        | Reached skill level 15 in Shields
  1908 | D        | Found a transporter.
  1946 | D        | Entered arena 13.
  1946 | D        | Noticed a death ooze
  1947 | D        | Noticed a great orb of eyes
  1951 | D        | Killed a death ooze
  1951 | D        | Received a gift from Okawaru
  1952 | D        | Reached skill level 16 in Crossbows
  1959 | D        | Killed a great orb of eyes
  2003 | D        | Found a transporter.
  2022 | D        | Entered arena 14.
  2024 | D        | Noticed a vampire knight
  2045 | D        | Killed a vampire knight
  2169 | D        | Found a transporter.
  2212 | D        | Got the ring of the Invisible Hand {EV+4 Dex+3}
  2217 | D        | Entered arena 15.
  2219 | D        | Noticed a reaper
  2220 | D        | Found the macabre finger necklace {rN+}
  2222 | D        | Noticed a skeletal warrior
  2235 | D        | Reached skill level 17 in Crossbows
  2238 | D        | Killed a skeletal warrior
  2239 | D        | Reached skill level 15 in Fighting
  2244 | D        | Killed a reaper
  2245 | D        | Reached XP level 13. HP: 58/115 MP: 17/22
  2459 | D        | Found a transporter.
  2501 | D        | Entered arena 16.
  2503 | D        | Identified the +3 short sword of Certain Death {protect,
                  | rElec rC- Dex+7 Stlth+}
  2506 | D        | Identified the cursed +2 spear of Bodily Humours {venom,
                  | +Inv Will+ Stlth-}
  2515 | D        | Received a gift from Okawaru
  2521 | D        | Received a gift from Okawaru
  2536 | D        | Reached skill level 15 in Armour
  2714 | D        | Found a transporter.
  2737 | D        | Entered arena 17.
  2747 | D        | Killed from afar by a hellion

Skill      XL: |  1  2  3  4  5  6  7  8  9 10 11 12 13 |
---------------+----------------------------------------+-----
Fighting       | 5 8 9 11 12 14 15 | 15.6
Crossbows      | 5 6 8 9 10 12 13 15 17 | 17.9
Shields        | 4 5 9 10 11 12 13 14 16 | 16.7
Armour         | 1 6 8 9 10 11 13 14 15 | 15.0
Invocations    | 3 6 8 11 12 13 | 13.6
Evocations     | 4 |  4.2
Dodging        | |  1.7
Stealth        | |  1.2

Action                   |  1- 3 |  4- 6 |  7- 9 | 10-12 | 13-15 || total
-------------------------+-------+-------+-------+-------+-------++-------
 Fire: Hand crossbow     |     9 |       |    37 |   118 |       ||   164
       Arbalest          |       |       |       |    41 |       ||    41
       Heavy crossbow    |       |       |       |    23 |    35 ||    58
Invok: Heroism           |       |       |       |     5 |     2 ||     7
       Finesse           |       |       |       |     5 |     2 ||     7
Evoke: Tin of tremorston |       |       |       |     7 |       ||     7
       Condenser vane    |       |       |       |     3 |       ||     3
       Lightning rod     |       |       |       |     2 |       ||     2
  Use: Potion            |     2 |       |     2 |    13 |     2 ||    19
       Scroll            |       |       |     1 |     2 |       ||     3
Armor: Crystal plate arm |     6 |       |    15 |   120 |     9 ||   150
Dodge: Dodged            |     1 |       |     5 |    50 |     9 ||    65
Block: Buckler           |     4 |       |    16 |       |       ||    20
       Kite shield       |       |       |       |   155 |    34 ||   189

Levels and vault maps discovered:
D:        sprint_v [room_start, room_1, room_2, room_3, room_4, room_5, room_6,
          room_7, room_8, room_9, room_10, room_11, room_12, room_13, room_14,
          room_15, room_16, room_17, room_18, room_19, room_20, room_21,
          room_22, room_23, room_24, room_25, room_26, room_27]
